 Dungeon Crawl Stone Soup version 0.27.1 (webtiles) character file.

Game seed: 1302132582990250996

124 nxtlvl the Chopper (level 4, -2/38 HPs)
             Began as a Draconian Berserker on Aug 22, 2021.
             Was a Believer of Trog.
             Splashed by a jelly's acid (5 damage)
             ... on level 5 of the Dungeon.
             The game lasted 00:04:36 (714 turns).

nxtlvl the Chopper (Draconian Berserker)             Turns: 714, Time: 00:04:38

Health: -2/38      AC: -7    Str: 19    XL:     4   Next: 81%
Magic:  0/4        EV: 11    Int:  7    God:    Trog [**....]
Gold:   45         SH:  3    Dex: 12    Spells: 3/3 levels left

rFire    . . .     SeeInvis .   a - +3 hand axe
rCold    . . .     Faith    .   c - +0 buckler
rNeg     . . .     Spirit   +   (armour unavailable)
rPois    .         Reflect  .   (helmet restricted)
rElec    .         Harm     .   (no cloak)
rCorr    .         Rampage  .   (no gloves)
Will     .....                  (no boots)
Stlth    +.........             l - amulet of guardian spirit
HPRegen  0.12/turn              (no ring)
MPRegen  0.09/turn              (no ring)

@: corroded, on berserk cooldown, slowed, very slow
A: AC +5, unfitting armour, cold-blooded
a: Renounce Religion, Berserk, Trog's Hand


You were on level 5 of the Dungeon.
You worshipped Trog.
Trog was pleased with you.
You visited 1 branch of the dungeon, and saw 6 of its levels.

You collected 45 gold pieces.

Inventory:

Hand Weapons
 a - a +3 hand axe (weapon)
Missiles
 h - 37 arrows
Armour
 c - a +0 buckler (worn)
Jewellery
 l - an amulet of guardian spirit (around neck)
Scrolls
 b - a scroll of silence {unknown}
 d - a scroll of amnesia {unknown}
 g - 2 scrolls of enchant weapon {unknown}
 j - a scroll of holy word {unknown}
 k - a scroll of teleportation {unknown}
 m - a scroll of enchant armour {unknown}
Potions
 e - a potion of brilliance {unknown}
 f - a potion of attraction {unknown}
 i - a potion of mutation {unknown}


   Skills:
 - Level 3.2 Fighting
 * Level 5.6 Axes
 - Level 2.6 Dodging


You had 3 spell levels left.
You didn't know any spells.
Your spell library was empty.

Dungeon Overview and Level Annotations

Branches:
Dungeon (6/15)
 Temple: D:4-7

Altars:

Shops:
D:5 *


Innate Abilities, Weirdness & Mutations

Your plain brown scales are hard. (AC +5)
You cannot fit into any form of body armour.
You are cold-blooded and may be slowed by cold attacks.


Message History

l - an amulet of guardian spirit You start putting on your amulet.
You continue putting on your amulet of guardian spirit. x3
HP restored.
You continue putting on your amulet of guardian spirit. x2
You finish putting on your amulet of guardian spirit.
You feel your power drawn to a protective spirit.
l - an amulet of guardian spirit (around neck)
Found a scroll labelled FASHRO ZIYSENAI.
A jelly comes into view.
Found a stone staircase leading down.
You see here a scroll labelled FASHRO ZIYSENAI.
m - a scroll labelled FASHRO ZIYSENAI The jelly quivers.
A centaur skeleton comes into view.
The centaur skeleton moves out of view.
You hit the jelly. The acid corrodes you!
Your hands burn!
The jelly is moderately wounded.
The jelly barely misses you. The jelly hits you.
You are splashed with acid.
You hit the jelly.
Your hands burn!
Your tail-slap misses the jelly.
The jelly is moderately wounded.
The jelly hits you but does no damage.
Unknown command.
You hit the jelly.
Your hands burn!
The jelly is severely wounded.
The jelly hits you. The acid corrodes you!
You are splashed with acid!
The jelly barely misses you.
You hit the jelly.
Your hands burn!
* * * LOW HITPOINT WARNING * * *
You tail-slap the jelly, but do no damage.
The jelly is severely wounded.
You block the jelly's attack.
Unknown command.
You hit the jelly but do no damage.
Your hands burn!
* * * LOW HITPOINT WARNING * * *
The jelly is severely wounded.
The jelly hits you.
* * * LOW HITPOINT WARNING * * *
The acid corrodes you!
You are splashed with acid.
You die...

###...### #....##......#
#.......# #.##...##......
#.##.##.######.............#
.##.##.#...##...##..#.#...#
............##.........#....
....###.....#)..........#...
.. ###..#.##.)).....#..#...
.....#J##..##....#...#
.........@.....#.....#.#
...###.###.....#.....#.. ...
...# #.##......... ## ###+#
#.# ###..### #.. .## ##. #
.# .#


You could see a jelly.

Vanquished Creatures
  An ogre (D:3)
  8 orcs (D:5)
  A bat (D:1)
  2 endoplasms (D:2)
  2 giant cockroaches
  2 goblins
  2 hobgoblins
  4 kobolds
  3 ball pythons
  A frilled lizard (D:1)
  A quokka skeleton (D:4)
  3 rats
30 creatures vanquished.

Vanquished Creatures (others)
  A fungus (D:2)
  2 plants
3 creatures vanquished.

Grand Total: 33 creatures vanquished

Notes
Turn   | Place    | Note
-------+----------+-------------------------------------------
     0 | D:1      | nxtlvl the Draconian Berserker began the quest for the Orb.
     0 | D:1      | Reached XP level 1. HP: 19/19 MP: 1/1
   238 | D:2      | Reached XP level 2. HP: 23/26 MP: 2/2
   269 | D:2      | Found a faded altar of an unknown god.
   327 | D:3      | Noticed an ogre
   334 | D:3      | Killed an ogre
   335 | D:3      | Reached skill level 5 in Axes
   335 | D:3      | Reached XP level 3. HP: 22/31 MP: 3/3
   335 | D:3      | Reached XP level 4. HP: 27/38 MP: 4/4
   435 | D:5      | Entered Level 5 of the Dungeon
   439 | D:5      | Found Bosi's Assorted Antiques.
   642 | D:6      | Noticed a two-headed ogre
   681 | D:5      | Reached ** piety under Trog
   714 | D:5      | Splashed by a jelly's acid

Illustrated notes

Levels and vault maps discovered:
D:1:      kennysheep_arrival_seaside, layout_basic, serial_shops, shop
D:2:      layout_basic, shapermc_ecumenical_altar_petra
D:3:      layout_basic, serial_bayou_pond_a, minmay_snake_closets
D:4:      layout_basic
D:5:      layout_loops_cross, minmay_temple_entry_glassed_door,
          hangedman_decor_peaks_small, nicolae_inconvenience_store
D:6:      layout_basic, st_stairs_9

Skill      XL: |  1  2 |
---------------+-------+-----
Axes           | 5 |  5.6
Fighting       | |  3.2
Dodging        | |  2.6

Action                   |  1- 3 |  4- 6 || total
-------------------------+-------+-------++-------
Melee: Hand axe          |    38 |    31 ||    69
       Tailslap          |     2 |     2 ||     4
Invok: Berserk           |     1 |     2 ||     3
Armor: Skin              |     5 |     6 ||    11
Dodge: Dodged            |    23 |    14 ||    37
Block: Buckler           |       |     1 ||     1
